cohdb
Replays
Latest Replays
All Replays
Popular Replays
Top Player Replays
Match Explorer
How It Works
Community
CoH3 Stats
Reddit
Sign in to upload your games and track your stats! →
Sign in with Steam
Match 48392909
Unlisted
Match 48392909
Overview
Messages
Build Orders
End
Selects Italian Combined Arms Battlegroup
Selects Bersaglieri Squad
Bersaglieri Squad
Kradschützen Motorcycle Team
Bersaglieri Squad
Panzergrenadier Squad
Construct Light Support Kompanie
Selects Bersaglieri Bolster
Panzerjäger Squad
Fire Support Elements
Flakvierling Half-track
Panzerjäger Mechanized Group
Selects Breda Model 30 Light Machine Guns
MG34 Team
Combat Half-tracks
Construct Panzerarmee Kommand
Panzerjäger Mechanized Group
Selects Semovente da 75/18 Assault Gun
Selects Strafing Run
Strafing Run
Selects Artillery Cover
Strafing Run
Panzer III L Medium Tank
Strafing Run
Panzer III L Medium Tank
Strafing Run
Armored Reserves
Panzerpioneer Squad
Strafing Run
Tiger Heavy Tank
Task Force X
Blafreak
Akkerman
LilDick
0
0
Comments
sign in to comment!
No comments posted yet!